 Dungeon Crawl Stone Soup version 0.28.0-1-gb440e238dd (webtiles) character file.

Game seed: 5222526287092840557

34 cbfl8 the Sneak (level 3, 0/33 HPs)
             Began as a Minotaur Delver on Feb 27, 2022.
             Succumbed to a scorpion's poison
             ... on level 4 of the Dungeon.
             The game lasted 00:01:03 (532 turns).

cbfl8 the Sneak (Minotaur Delver)                    Turns: 532, Time: 00:01:04

Health: 0/33       AC:  5    Str: 18    XL:     3   Next: 14%
Magic:  2/2        EV: 11    Int:  7    God:
Gold:   66         SH:  0    Dex: 11    Spells: 2/2 levels left

rFire   . . .      SeeInvis .   a - +0 hand axe
rCold   . . .      Faith    .   (no shield)
rNeg    . . .      Spirit   .   k - +0 ring mail
rPois   .          Reflect  .   (helmet restricted)
rElec   .          Harm     .   (no cloak)
rCorr   .          Rampage  .   (no gloves)
Will    .....                   (no boots)
Stlth   ++........              d - amulet of the acrobat
HPRegen 0.11/turn               (no ring)
MPRegen 0.08/turn               (no ring)

@: lethally poisoned (0 -> -15)
A: horns 2, retaliatory headbutt
a: no special abilities


You were on level 4 of the Dungeon.
You visited 1 branch of the dungeon, and saw 2 of its levels.

You collected 66 gold pieces.

Inventory:

Hand Weapons
 a - a +0 hand axe (weapon)
Armour
 b - a +0 leather armour
 k - a +0 ring mail (worn)
Jewellery
 d - an amulet of the acrobat (around neck)
Wands
 g - a wand of digging (3)
Scrolls
 c - a scroll of fog
 e - 2 scrolls of fear
 j - a scroll of amnesia {unknown}
Potions
 f - a potion of haste
 h - 3 potions of curing {unknown}
 i - a potion of degeneration {unknown}


   Skills:
 + Level 3.9 Fighting
 + Level 2.5 Axes
 + Level 0.1 Armour
 + Level 2.2 Dodging
 + Level 4.8 Stealth


You had 2 spell levels left.
You didn't know any spells.
Your spell library was empty.

Dungeon Overview and Level Annotations

Branches:
Dungeon (5/15)
 Temple: D:4-7

Altars:


Innate Abilities, Weirdness & Mutations

You have a pair of horns on your head.
You reflexively headbutt those who attack you in melee.


Message History

Your headbutt misses the giant cockroach.
The giant cockroach barely misses you.
You hit the giant cockroach but do no damage.
The giant cockroach barely misses you.
The giant cockroach bites you but does no damage.
You closely miss the giant cockroach.
The giant cockroach bites you but does no damage.
You closely miss the giant cockroach. The giant cockroach bites you.
You hit the giant cockroach but do no damage.
Your headbutt misses the giant cockroach.
The giant cockroach closely misses you. The giant cockroach barely misses you.
You furiously retaliate!
You headbutt the giant cockroach.
You kill the giant cockroach!
You see here a hobgoblin corpse.
You now have 55 gold pieces (gained 15).
You now have 66 gold pieces (gained 11).
You open the door.
Found 11 gold pieces and a fuming golden potion.
A scorpion comes into view.
There is an open door here.
The scorpion completely misses you.
You hit the scorpion. Your headbutt misses the scorpion.
The scorpion is moderately wounded.
The scorpion stings you!
You are poisoned.
The scorpion poisons you!
You hit the scorpion but do no damage. Your headbutt misses the scorpion.
The scorpion is moderately wounded.
You feel very sick. The scorpion stings you.
You are lethally poisoned!
The scorpion poisons you! The scorpion closely misses you.
You closely miss the scorpion.
The scorpion is moderately wounded.
You feel very sick. The scorpion stings you!
* * * LOW HITPOINT WARNING * * *
You barely miss the scorpion. Your headbutt misses the scorpion.
The scorpion is moderately wounded.
You die...

# .############ ##+##
........!... ##...##
#..........
##.....###..s.......
##.8...8.##..@..$....
##.#(....#.##.........
#(..8...8...#.........
+...........'.........
#...8...8...#....#####
##.#.....#.##...$#
##.8.†.8.#######...
###.....## ....
#.##...## #...#


You could see a scorpion.

Vanquished Creatures
  An iguana (D:4)
  A giant cockroach (D:4)
  2 hobgoblins (D:4)
  2 quokkas (D:4)
6 creatures vanquished.

Notes
Turn   | Place    | Note
-------+----------+-------------------------------------------
     0 | D:5      | cbfl8 the Minotaur Delver began the quest for the Orb.
     0 | D:5      | Reached XP level 1. HP: 19/19 MP: 0/0
   208 | D:4      | Noticed an iguana
   217 | D:4      | Killed an iguana
   218 | D:4      | Reached XP level 2. HP: 3/27 MP: 1/1
   218 | D:4      | Reached XP level 3. HP: 3/33 MP: 2/2
   523 | D:4      | Noticed a scorpion
   532 | D:4      | Succumbed to a scorpion's poison

Illustrated notes

Levels and vault maps discovered:
D:4:      layout_gridville, dk_noncrumbling_3
D:5:      layout_cave_pods, hellmonk_ghost_happy_afterlife,
          nicolae_ossuary_entry_giza, serial_shops, shop, uniq_ijyb,
          uniq_duvessa, uniq_menkaure, uniq_pikel

Action                   || total
-------------------------++-------
Melee: Hand axe          ||    22
       Headbutt          ||     3
  Use: Scroll            ||     1
 Stab: Sleeping          ||     1
Armor: Leather armour    ||     2
       Ring mail         ||     2
Dodge: Dodged            ||    12
